 Dungeon Sprint DCSS version 0.27-a0-1105-g946c659c87 (webtiles) character file.

Game seed: 15601468435250667877

301 Zeld the Grappler (level 6, -1/75 HPs)
             Began as an Octopode Berserker on Apr 29, 2021.
             Was an Elder of Trog.
             Slain by a wyvern (9 damage)
             ... in the Dungeon (Sprint IX: "|||||||||||||||||||||||||||||").
             The game lasted 00:00:47 (1324 turns).

Zeld the Grappler (Octopode Berserker)              Turns: 1324, Time: 00:00:49

Health: -1/75      AC:  1    Str: 18    XL:     6   Next: 37%
Magic:  6/6        EV: 18    Int: 12    God:    Trog [****..]
Gold:   0          SH:  0    Dex: 12    Spells: 5/5 levels left

rFire    . . .     SeeInvis .   j - +3 war axe (vorpal)
rCold    . . .     Faith    .   (no shield)
rNeg     . . .     Spirit   .   (helmet restricted)
rPois    .         Reflect  .   (no amulet)
rElec    .         Harm     .   k - +2 ring of evasion
rCorr    .         Rampage  .   g - +3 ring of intelligence
Will     .....     NoTele   +   (no ring)
Stlth    ..........             (no ring)
HPRegen  0.22/turn              (no ring)
MPRegen  0.10/turn              (no ring)
                                (no ring)
                                (no ring)

@: berserking (expiring), lethally poisoned (-1 -> -12), slowed
A: almost no armour, amphibious, 8 rings, camouflage 1, gelatinous body 1,
(nimble swimmer 1), tentacles
a: Renounce Religion, Berserk, Trog's Hand, Brothers in Arms


You were in the Dungeon.
You worshipped Trog.
Trog was greatly pleased with you.
You visited 1 branch

Inventory:

Hand Weapons
 j - a +3 vorpal war axe (weapon)
Jewellery
 g - a +3 ring of intelligence (right tentacle)
 k - a +2 ring of evasion (left tentacle)
Wands
 i - a wand of acid (10)
Scrolls
 f - 2 scrolls of blinking
Potions
 a - 5 potions of curing
 b - 3 potions of heal wounds
 c - a potion of haste
 d - 4 potions of magic
 e - a potion of berserk rage
 h - a potion of invisibility


   Skills:
 + Level 7.9 Fighting
 + Level 0.3 Axes
 + Level 7.9 Dodging
 + Level 2.3 Stealth
 + Level 8.0 Unarmed Combat


You had 5 spell levels left.
You didn't know any spells.
Your spell library was empty.

Dungeon Overview and Level Annotations

Branches:
Dungeon (1/1)

Altars:
Cheibriados
Dithmenos
Elyvilon
Fedhas
Gozag
Hepliaklqana
Kikubaaqudgha
Makhleb
Nemelex Xobeh
Okawaru
Qazlal
Ru
Sif Muna
Trog
Uskayaw
Vehumet
Wu Jian
Xom
Yredelemnul
Zin
The Shining One
Beogh
Jiyva
Lugonu


Innate Abilities, Weirdness & Mutations

You cannot wear most types of armour.
You are amphibious.
You can wear up to eight rings at the same time.
Your skin changes colour to match your surroundings (Stealth+).
Your rubbery body absorbs attacks. (AC +1, EV +1)
((You are camouflaged near water. (Stealth+)))
You have tentacles for arms and can constrict up to eight enemies at once.


Message History

A wyvern, a gargoyle, a kobold brigand, an orc warrior, a wight and a zombie come into view.
The kobold brigand is wielding a +0 short sword and quivering curare-tipped darts.
The orc warrior shouts!
The wyvern hisses angrily.
The kobold brigand shouts!
The kobold brigand throws a curare-tipped dart.
The curare-tipped dart hits you.
You are poisoned.
You have difficulty breathing.
You feel yourself slow down.
A red film seems to cover your vision as you go berserk!
You feel yourself moving faster!
You feel mighty!
You feel very sick.
The kobold brigand throws a curare-tipped dart.
The curare-tipped dart hits you.
You are more poisoned.
You have difficulty breathing.
You feel as though you will be slow longer.
You feel a strong urge to attack something.
You feel very sick.
The kobold brigand hits you with a +0 short sword.
There is an open door to the Dungeon here.
You slice the kobold brigand!! You grab the kobold brigand.
The kobold brigand is almost dead.
You constrict the kobold brigand.
You kill the kobold brigand!
Trog accepts your kill.
You can now call in reinforcements.
You feel extremely sick. The wyvern bites you!
Your Stealth skill increases to level 2!
Your Unarmed Combat skill increases to level 8!
You are too injured to fight recklessly!
Unknown command.
You are too injured to fight recklessly!
You are too injured to fight recklessly!
You are too injured to fight recklessly!
You slice the wyvern!!
The wyvern is almost dead.
You feel very sick. The wyvern bites you!
* * * LOW HITPOINT WARNING * * *
The wyvern completely misses you. The wyvern bites you!
You die...

▓+▓
▓.▓
▓9▓
▓Z▓
▓o▓
▓z▓
▓l▓
▓@▓
▓.▓
▓.▓
▓[▓
▓[▓
▓[▓
▓.▓
▓)▓
▓?▓


You could see an orc warrior, a wyvern, a gargoyle, a wight and a giant
cockroach zombie.

Vanquished Creatures
  A black bear (D)
  An ogre (D)
  A kobold brigand (D)
  A scorpion (D)
  An orc (D)
  2 ball pythons (D)
  A bat (D)
  A goblin (D)
  A hobgoblin (D)
  A quokka skeleton (D)
11 creatures vanquished.

Notes
Turn   | Place    | Note
-------+----------+-------------------------------------------
     0 | D        | Zeld the Octopode Berserker began the quest for the Orb.
     0 | D        | Reached XP level 1. HP: 16/16 MP: 1/1
    10 | D        | Reached ** piety under Trog
    17 | D        | Reached XP level 2. HP: 14/22 MP: 2/2
   570 | D        | Noticed a black bear
   570 | D        | Noticed an ogre
   570 | D        | Noticed a scorpion
   574 | D        | Killed a scorpion
   575 | D        | Reached skill level 5 in Fighting
   575 | D        | Reached skill level 5 in Dodging
   575 | D        | Reached skill level 5 in Unarmed Combat
   575 | D        | Reached XP level 3. HP: 21/29 MP: 3/3
   575 | D        | Reached XP level 4. HP: 25/35 MP: 4/4
   577 | D        | Killed an ogre
   577 | D        | Reached *** piety under Trog
   578 | D        | Reached skill level 1 in Stealth
   578 | D        | Reached skill level 6 in Unarmed Combat
   578 | D        | Reached XP level 5. HP: 31/42 MP: 5/5
   579 | D        | Killed a black bear
   580 | D        | Reached skill level 7 in Unarmed Combat
   580 | D        | Reached XP level 6. HP: 35/49 MP: 6/6
  1269 | D        | Found a snail-covered altar of Cheibriados.
  1269 | D        | Found a shadowy altar of Dithmenos.
  1269 | D        | Found a white marble altar of Elyvilon.
  1269 | D        | Found a blossoming altar of Fedhas.
  1269 | D        | Found an opulent altar of Gozag.
  1270 | D        | Found a hazy altar of Hepliaklqana.
  1271 | D        | Found a viscous altar of Jiyva.
  1272 | D        | Found an ancient bone altar of Kikubaaqudgha.
  1273 | D        | Found a corrupted altar of Lugonu.
  1274 | D        | Found a burning altar of Makhleb.
  1275 | D        | Found a sparkling altar of Nemelex Xobeh.
  1276 | D        | Found an iron altar of Okawaru.
  1277 | D        | Found a stormy altar of Qazlal.
  1278 | D        | Found a sacrificial altar of Ru.
  1279 | D        | Found a shimmering blue altar of Sif Muna.
  1280 | D        | Found a bloodstained altar of Trog.
  1281 | D        | Found a hide-covered altar of Uskayaw.
  1282 | D        | Found a radiant altar of Vehumet.
  1283 | D        | Found an ornate altar of the Wu Jian Council.
  1284 | D        | Found a shimmering altar of Xom.
  1285 | D        | Found a basalt altar of Yredelemnul.
  1286 | D        | Found a glowing silver altar of Zin.
  1287 | D        | Found a glowing golden altar of the Shining One.
  1320 | D        | Noticed a gargoyle
  1320 | D        | Noticed an orc warrior
  1320 | D        | Noticed a wyvern
  1323 | D        | Reached **** piety under Trog
  1324 | D        | Reached skill level 8 in Unarmed Combat
  1324 | D        | Slain by a wyvern

Illustrated notes

Levels and vault maps discovered:
D:        linesprint [early_d, line_temple, items_1, d_10, items_2, lair_1,
          lair_end, items_3, orc_1, orc_end, items_4, d_15, swamp_1, shoals_1,
          snake_1, spider_1, d_20, vaults_1, items_5, swamp_end, shoals_end,
          snake_end, spider_end, vaults_end, d_27, items_6, zot_1, zot_end,
          crypt_end, forest_end, elf_end, slime_end, tomb_end, abyss_end,
          pan_hell_end]

Skill      XL: |  1  2  3  4  5  6 |
---------------+-------------------+-----
Fighting       | 4 5 6 7 |  7.9
Dodging        | 5 6 7 |  7.9
Unarmed Combat | 5 6 7 8 |  8.0
Stealth        | 1 2 |  2.3
Axes           | |  0.3

Action                   |  1- 3 |  4- 6 || total
-------------------------+-------+-------++-------
Melee: Unarmed           |    11 |       ||    11
       Tentacles         |     5 |     5 ||    10
       Constrict         |     4 |     3 ||     7
       Club              |     3 |     7 ||    10
       War axe           |       |     2 ||     2
Invok: Berserk           |     2 |     1 ||     3
Armor: Skin              |     4 |       ||     4
Dodge: Dodged            |    10 |     4 ||    14

Table legend: (Time is in decaauts)
 A = Elapsed time spent in this place.
 B = Non-inter-level travel time spent in this place.
 C = Inter-level travel time spent in this place.
 D = Time resting spent in this place.
 E = Time spent auto-exploring this place.
 F = Levels seen in this place.
 G = Mean time per level.
                   A        B        C        D        E       F      G
               +--------+--------+--------+--------+--------+-----+--------+
         Total |   1348 |   1348 |      0 |   1245 |      3 |   1 | 1348.0 |
       Dungeon |   1348 |   1348 |      0 |   1245 |      3 |   1 | 1348.0 |
               +--------+--------+--------+--------+--------+-----+--------+

Top non-repeatable levels by time:
       D: 1348 daAuts
